Map: Odyssey LE

Players

iAsonu

  • Race: Zerg Zerg
  • Spawn Location: 5:00

Stephano - Winner!

  • Race: Zerg Zerg
  • Spawn Location: 11:00

Event: WCS Jonkoping 2017

VOD

Have the link to the VOD?

Description

Time

  • Played on: June 17, 2017, 3:37 p.m.
  • Length: 14:03

All games in this series

Show
View Real Time Build Order
Export as new Build Order

iAsonu Zerg 

Build Orders: Hatch First, Zergling Baneling 

Get SALT Encoding   

  12  0:01  Drone  
  13  0:13  Overlord  
  13  0:17  Drone  
  14  0:31  Drone x2  
  14  0:35  Drone  
  17  0:52  Hatchery  
  17  0:54  Drone  
  17  0:59  Drone  
  18  1:08  Extractor  
  17  1:13  Spawning Pool  
  17  1:16  Drone  
  17  1:19  Drone  
  18  1:28  Drone  
  19  1:40  Overlord  
  19  1:50  Drone  
  20  2:00  Queen  
  22  2:02  Zergling x2  
  22  2:04  Queen  
  22  2:05  Zergling x2  
  26  2:10  Metabolic Boost  
  26  2:12  Drone  
  27  2:16  Drone  
  28  2:28  Baneling Nest  
  27  2:30  Zergling x2  
  27  2:31  Zergling x2  
  29  2:41  Drone  
  29  2:42  Drone  
  31  2:51  Overlord  
  31  2:55  Hatchery  
  31  2:57  Zergling x2  
  31  3:02  Zergling x2  
  32  3:08  Zergling x4  
  34  3:14  Baneling x2  
  34  3:16  Zergling x6  
  34  3:19  Zergling x2  
  38  3:24  Zergling x4  
  38  3:26  Baneling  
  40  3:31  Zergling x4  
  42  3:36  Overlord  
  42  3:42  Baneling  
  41  3:51  Zergling x4  
  41  3:52  Zergling x2  
  43  3:58  Baneling  
  41  4:07  Zergling x2  
  41  4:08  Zergling x2  
  39  4:16  Zergling x4  
  33  4:19  Drone x2  
  33  4:20  Drone x2  
  33  4:21  Drone  
  33  4:24  Baneling x3  
  38  4:27  Queen  
  38  4:29  Zergling x2  
  41  4:32  Drone  
  41  4:34  Baneling  
  41  4:37  Drone  
  43  4:42  Drone  
  43  4:54  Drone  
  43  4:55  Drone  
  43  4:56  Drone  
  45  5:03  Baneling x2  
  44  5:07  Roach Warren, Drone x3  
  44  5:08  Drone  
  44  5:11  Zergling x4  
  44  5:13  Drone x2  
  47  5:16  Zergling x2  
  47  5:18  Drone x2  
  47  5:20  Zergling x4  
  52  5:24  Queen x2  
  52  5:27  Extractor  
  54  5:28  Extractor  
  54  5:30  Baneling  
  54  5:31  Baneling  
  54  5:33  Zergling x4  
  54  5:34  Baneling x2  
  55  5:36  Drone  
  56  5:45  Drone x2  
  58  6:01  Overlord  
  57  6:11  Overlord  
  57  6:15  Overlord  
  57  6:20  Roach  
  57  6:21  Roach x3  
  57  6:23  Drone  
  57  6:24  Lair  
  64  6:26  Drone  
  64  6:27  Evolution Chamber, Drone  
  64  6:30  Overlord  
  64  6:31  Drone  
  64  6:32  Drone x7  
  73  6:33  Drone  
  73  6:34  Drone x3  
  73  6:39  Drone  
  78  6:48  Roach  
  78  6:49  Roach x2  
  78  6:52  Drone  
  85  6:54  Extractor, Zerg Missile Weapons Level 1  
  85  6:55  Extractor  
  85  6:57  Roach x2  
  85  7:00  Baneling  
  87  7:01  Overlord  
  87  7:03  Roach  
  87  7:06  Overlord  
  89  7:09  Overlord  
  89  7:11  Overlord  
  89  7:13  Overlord  
  89  7:16  Baneling  
  89  7:17  Baneling x5  
  89  7:21  Roach  
  89  7:22  Roach x2  
  94  7:27  Roach  
  96  7:30  Roach  
  96  7:32  Roach  
  100  7:43  Glial Reconstitution  
  100  7:47  Overseer, Overlord  
  100  7:51  Drone x5  
  104  7:52  Drone  
  104  7:53  Drone x3  
  104  7:55  Extractor  
  104  7:56  Hatchery, Roach x4  
  115  8:05  Roach x3  
  121  8:10  Roach  
  121  8:11  Roach x3  
  129  8:16  Overlord  
  129  8:28  Overlord x2  
  129  8:32  Spire  
  129  8:34  Roach x6  
  140  8:42  Roach x3  
  140  8:44  Overlord  
  146  8:52  Roach  
  146  8:53  Roach x4  
  146  8:54  Overseer  
  156  9:00  Zerg Missile Weapons Level 2  
  154  9:11  Overlord  
  154  9:18  Overlord  
  154  9:23  Zergling x22  
  165  9:31  Overseer  
  165  9:40  Extractor  
  165  9:43  Mutalisk x7  
  178  9:49  Spine Crawler  
  178  9:50  Spine Crawler  
  178  9:52  Spine Crawler  
  175  9:53  Mutalisk x2, Drone x3  
  182  10:04  Drone x2  
  184  10:07  Roach  
  184  10:08  Roach x3  
  192  10:17  Pneumatized Carapace  
  192  10:20  Overlord x3  
  192  10:27  Overlord  
  192  10:40  Roach x4  
  200  10:46  Baneling x12  
  198  10:52  Roach  
  200  11:19  Centrifical Hooks  
  200  11:20  Zerg Melee Weapons Level 1  
  189  11:26  Roach x6  
  189  11:32  Roach x5  
  199  11:34  Zergling x14, Roach x6  
  200  11:44  Hatchery  
  200  11:45  Ravager  
  200  11:46  Ravager x9  
  194  11:47  Zergling x12  
  170  11:55  Baneling x8  
  170  11:57  Roach x12  
  180  12:05  Roach x4  
  168  12:14  Roach x6  
  154  12:22  Roach x3  
  126  12:31  Overseer  
  122  12:42  Drone x10  
  125  12:56  Drone  
  125  12:57  Drone x4  
  130  13:14  Roach Warren  
  129  13:22  Mutalisk  
  129  13:23  Mutalisk x5  
Show
View Real Time Build Order
Export as new Build Order

Stephano Zerg - Winner!

Build Orders: Hatch First, Zergling Baneling 

Get SALT Encoding   

  12  0:00  Drone  
  13  0:13  Overlord  
  13  0:18  Drone  
  14  0:31  Drone x2  
  14  0:35  Drone  
  17  0:52  Hatchery  
  17  0:55  Drone  
  17  0:58  Drone  
  18  1:08  Extractor  
  17  1:12  Spawning Pool  
  17  1:15  Drone  
  17  1:19  Drone  
  18  1:28  Drone  
  19  1:39  Overlord  
  19  1:59  Queen  
  19  2:00  Zergling x2  
  19  2:01  Zergling x2  
  23  2:04  Queen, Zergling x2  
  23  2:08  Metabolic Boost  
  26  2:12  Drone  
  27  2:16  Drone  
  28  2:27  Drone  
  29  2:34  Drone  
  29  2:35  Queen  
  32  2:37  Drone x2  
  34  2:45  Drone  
  35  2:52  Baneling Nest  
  35  2:57  Hatchery  
  33  2:59  Drone  
  33  3:01  Drone  
  35  3:05  Drone  
  35  3:09  Overlord  
  36  3:17  Overlord  
  36  3:27  Zergling x8  
  36  3:28  Drone x2  
  42  3:36  Baneling x2  
  42  3:38  Zergling x4  
  42  3:40  Queen  
  44  3:51  Zergling x10  
  42  3:59  Baneling  
  42  4:01  Zergling x2  
  41  4:06  Zergling x2  
  41  4:07  Zergling x2  
  41  4:14  Zergling x6  
  38  4:21  Baneling x2  
  38  4:22  Queen  
  38  4:23  Drone  
  40  4:25  Drone  
  40  4:28  Drone  
  42  4:31  Drone x2  
  42  4:36  Zergling x2  
  42  4:37  Baneling x2  
  45  4:41  Zergling x4  
  47  4:47  Zergling x6  
  50  4:53  Drone x3  
  50  4:55  Zergling x2  
  50  4:58  Baneling  
  52  5:06  Drone x5  
  57  5:14  Drone x2  
  55  5:23  Overlord  
  55  5:24  Zergling x6  
  55  5:27  Overlord  
  58  5:30  Extractor  
  58  5:32  Extractor, Overlord  
  58  5:33  Roach Warren, Evolution Chamber  
  53  5:35  Overlord  
  53  5:38  Drone  
  53  5:39  Drone  
  55  5:46  Drone x4  
  59  5:53  Drone x2  
  59  5:54  Drone x2  
  63  6:00  Overlord  
  59  6:12  Zerg Missile Weapons Level 1  
  59  6:14  Roach x7  
  59  6:16  Roach  
  75  6:20  Roach  
  75  6:25  Roach x3  
  82  6:28  Roach  
  84  6:38  Overlord  
  84  6:39  Lair  
  83  6:40  Drone  
  83  6:42  Roach  
  83  6:43  Roach  
  83  6:44  Drone x3  
  83  6:45  Drone  
  91  6:47  Extractor x2  
  91  6:49  Overlord  
  91  6:52  Drone x2  
  90  6:57  Drone x2  
  90  6:58  Drone x2  
  90  7:00  Drone  
  93  7:02  Drone  
  93  7:03  Drone  
  93  7:08  Overlord  
  95  7:09  Drone x2  
  95  7:12  Drone x2  
  95  7:15  Overlord  
  99  7:26  Overlord  
  99  7:27  Drone  
  98  7:31  Roach  
  98  7:32  Roach x5  
  106  7:37  Glial Reconstitution  
  106  7:43  Drone x2  
  108  7:45  Drone x2  
  108  7:48  Hatchery  
  108  7:50  Roach x2  
  113  7:53  Extractor, Drone x3  
  113  7:55  Overseer  
  115  8:00  Roach x3  
  115  8:03  Overlord  
  121  8:06  Zerg Missile Weapons Level 2  
  121  8:11  Evolution Chamber  
  121  8:12  Roach  
  122  8:13  Hydralisk Den  
  122  8:15  Pneumatized Carapace  
  122  8:18  Roach x2  
  127  8:27  Roach x5  
  127  8:32  Overlord  
  135  8:37  Ravager x2  
  135  8:38  Zerg Ground Armor Level 1  
  135  8:40  Spine Crawler  
  135  8:41  Roach, Spine Crawler  
  135  8:45  Drone x4  
  135  8:46  Drone  
  142  8:51  Roach  
  142  8:52  Overlord  
  142  8:55  Ravager  
  145  8:58  Overlord  
  145  9:07  Roach x3  
  151  9:11  Roach x4  
  151  9:16  Ravager x5  
  164  9:17  Overlord x2  
  164  9:23  Burrow  
  164  9:24  Tunneling Claws  
  164  9:28  Roach  
  164  9:30  Spine Crawler, Overlord x2  
  165  9:33  Roach  
  165  9:35  Overlord x2  
  167  9:39  Extractor  
  167  9:40  Drone x2  
  167  9:41  Roach  
  167  9:44  Ravager x3  
  173  9:48  Overseer  
  173  9:49  Overseer  
  173  9:50  Spine Crawler  
  172  9:53  Roach x3  
  178  10:00  Drone  
  178  10:01  Spine Crawler x2, Drone x2  
  178  10:03  Roach Warren  
  178  10:04  Roach  
  178  10:05  Roach x2  
  190  10:20  Muscular Augments  
  190  10:27  Queen x2  
  185  10:30  Hydralisk x2  
  185  10:31  Hydralisk x5  
  185  10:34  Spore Crawler  
  192  10:37  Spore Crawler  
  192  10:38  Spore Crawler  
  192  10:39  Hydralisk x2  
  192  10:40  Spore Crawler  
  189  10:51  Hydralisk x6  
  196  11:06  Spore Crawler  
  189  11:14  Roach x4  
  189  11:20  Roach x17  
  189  11:21  Roach x2  
  189  11:22  Roach  
  189  11:23  Roach  
  175  11:26  Roach x8  
  175  11:27  Roach  
  175  11:28  Roach x6  
  195  11:36  Roach x2  
  199  11:42  Roach x2  
  199  11:43  Roach  
  199  11:44  Roach x3  
  199  11:45  Overlord  
  199  11:46  Zerg Ground Armor Level 2  
  199  11:47  Queen, Roach x2  
  193  11:54  Roach x7  
  193  11:59  Roach  
  199  12:02  Roach  
  199  12:08  Roach x7  
  198  12:12  Roach x12  
  187  12:17  Roach x4  
  187  12:18  Queen x2, Roach  
  183  12:28  Roach x4  
  171  12:33  Roach x3  
  169  12:40  Roach  
  169  12:41  Roach  
  169  12:42  Hydralisk  
  169  12:49  Hydralisk x5  
  177  12:53  Roach  
  177  12:55  Ravager x9  
  177  12:56  Roach  
  177  12:58  Roach  
  184  13:03  Roach x3  
  190  13:09  Roach  
  190  13:10  Roach  
  190  13:11  Ravager x3  
  195  13:13  Overseer, Hatchery, Roach  
  195  13:15  Roach x13  
  195  13:18  Roach x2  
Tags
 
Add a new tag
Caveats
  • Supply blocks, unpowered buildings, or Contaminate may cause inaccurate times.
  • Supply counts are checked every 10 seconds.